 Dungeon Crawl Stone Soup version 0.31-a0-237-g2d982f9f85 (webtiles) character file.

Game seed: 16738984047309510420

121 qw the Shooter (level 5, -2/30 HPs)
             Began as a Gargoyle Hexslinger on July 11, 2023.
             Slain by a troll (13 damage)
             ... on level 5 of the Dungeon.
             The game lasted 00:00:49 (1768 turns).

qw the Shooter (Gargoyle Hexslinger)                Turns: 1768, Time: 00:00:50

Health: -2/30      AC: 14    Str: 11    XL:     5   Next: 5%
Magic:  6/6        EV: 10    Int: 14    God:
Gold:   84         SH:  0    Dex: 14    Spells: 5/6 levels left

rFire   . . .        Y - +2 sling
rCold   . . .        (no shield)
rNeg    + . .        g - +0 ring mail
rPois   inf          l - +0 helmet
rElec   +            (no cloak)
rCorr   .            (no gloves)
SInv    +            (no boots)
Will    .....        h - amulet of regeneration
Stlth   +            k - ring of see invisible
HPRegen 1.05/turn    b - +4 ring of protection
MPRegen 0.10/turn

%: no passive effects
@: no status effects
A: sickness immunity, AC +4, negative energy resistance 1, electricity
resistance, torment resistance 1, petrification resistance
a: no special abilities


You were on level 5 of the Dungeon.
You visited 2 branches of the dungeon, and saw 5 of its levels.

You collected 84 gold pieces.


Innate Abilities, Weirdness & Mutations

You are immune to sickness and miasma.
Your stone body is resilient. (AC +4)
You are immune to poison.
You resist negative energy. (rN+)
You are resistant to electric shocks. (rElec)
You are resistant to unholy torment.
You are immune to petrification.


   Skills:
 - Level 2.0 Fighting
 + Level 4.5 Ranged Weapons
 - Level 1.3 Armour
 - Level 1.5 Dodging
 - Level 1.0 Spellcasting
 - Level 2.6 Hexes


You had 5 spell levels left.
You knew the following spells:

 Your Spells              Type           Power      Damage    Failure   Level
a - Slow                  Hex            32%        N/A       21%         1

Your spell library contained the following spells:

 Spells                   Type           Power      Damage    Failure   Level
 Inner Flame              Hex/Fire       4%         N/A       71%         3
 Portal Projectile        Hex/Tloc       8%         N/A       71%         3
 Cause Fear               Hex            4%         N/A       90%         4

Inventory:

Hand Weapons
 Y - a +2 sling (weapon)
Armour
 g - a +0 ring mail (worn)
 l - a +0 helmet (worn)
Jewellery
 b - a +4 ring of protection (right hand)
 h - an amulet of regeneration (around neck)
 k - a ring of see invisible (left hand)
Scrolls
 a - a scroll of identify
Potions
 d - a potion of curing
 f - a potion of heal wounds
 m - a potion of mutation {unknown}

Dungeon Overview and Level Annotations

Branches:
Dungeon (5/15)             Temple (1/1) D:5

Altars:
Cheibriados
Dithmenos
Elyvilon
Fedhas
Gozag
Makhleb
Nemelex Xobeh
Qazlal
Ru
Sif Muna
Trog
Uskayaw
Vehumet
Wu Jian
Xom
Yredelemnul
Zin
The Shining One

Shops:
D:1 (


Message History

You kill the dart slug!
You see here a dart slug corpse.
Found a scroll of blinking.
Enter note:
Enter note: A troll and an iguana come into view.
The troll shouts!
The iguana hisses angrily.
Enter note:
Enter note: You shoot a sling bullet.
The sling bullet hits the troll but does no damage.
You shoot a sling bullet.
The sling bullet closely misses the troll.
You shoot a sling bullet.
The sling bullet closely misses the troll.
The troll closely misses you. The troll claws you.
The troll closely misses you.
You shoot a sling bullet.
The sling bullet completely misses the troll.
The troll completely misses you. The troll misses you. The troll claws you.
The iguana completely misses you. The troll bites you. The troll misses you.
The troll claws you but does no damage.
You shoot a sling bullet. The sling bullet hits the troll.
The troll is lightly wounded.
The iguana barely misses you. The troll bites you but does no damage.
The troll claws you but does no damage. The troll claws you!
You shoot a sling bullet. The sling bullet hits the troll.
The troll is lightly wounded.
The iguana bites you. The troll closely misses you. The troll claws you!
The troll claws you but does no damage.
You shoot a sling bullet. The sling bullet hits the troll.
The troll is lightly wounded.
The iguana closely misses you. The troll barely misses you.
The troll claws you but does no damage. The troll barely misses you.
You shoot a sling bullet. The sling bullet hits the troll.
The troll is lightly wounded.
The troll barely misses you. The troll claws you but does no damage.
The troll barely misses you.
The iguana bites you but does no damage.
The troll bites you!
You die...

#.# .. #.# ..
##.# ##.?# ##..#
#l@.###
......T#...###
.##...####.%.###
#... ####..######
#.. #####.......#
## #..
#...........###.
#.
##.........#.....
#.
#..........###...
#.........## ##..


You could see a troll and an iguana.

Vanquished Creatures
  An orc wizard (D:3)
  3 adders
  3 worms (D:2)
  A dart slug (D:5)
  2 orcs (D:3)
  5 endoplasms
  2 giant cockroaches (D:1)
  6 goblins
  5 hobgoblins
  4 jackals (D:1)
  A quokka (D:1)
  6 ball pythons
  3 frilled lizards
  7 kobolds
  3 rats
52 creatures vanquished.

Notes
Turn   | Place    | Note
-------+----------+-------------------------------------------
     0 | D:1      | qw the Gargoyle Hexslinger began the quest for the Orb.
     0 | D:1      | Reached XP level 1. HP: 12/12 MP: 2/2
     0 | D:1      | 0 ||| qw: Version: 0.3-a-52-g30416fa
     0 | D:1      | 0 ||| qw: Game counter: 5798
     0 | D:1      | 0 ||| qw: Melee chars always use a shield: true
     0 | D:1      | 0 ||| qw: God list: Okawaru
     0 | D:1      | 0 ||| qw: Allow faded altars: false
     0 | D:1      | 0 ||| qw: Do Orc after clearing Dungeon:15 true
     0 | D:1      | 0 ||| qw: Do second Lair branch before Depths: true
     0 | D:1      | 0 ||| qw: Lair rune preference: random
     0 | D:1      | 0 ||| qw: Goals: Normal
     0 | D:1      | 0 ||| PLANNING D:1-11
    52 | D:1      | Reached XP level 2. HP: 16/16 MP: 3/3
   135 | D:1      | Reached skill level 3 in Ranged Weapons
   365 | D:1      | Reached XP level 3. HP: 21/21 MP: 4/4
   373 | D:1      | Found Luxior's Weapon Emporium.
   382 | D:1      | 382 ||| SHOPLISTING +1 shortbow "Lorun" {speed, rN+ Will+}
                  | (308 gold, have 28).
   382 | D:1      | 382 ||| SHOPLISTING +7 triple crossbow of Integrity {drain,
                  | rN+} (642 gold, have 28).
   720 | D:1      | 720 ||| UPGRADING to +0 ring mail.
   730 | D:1      | 730 ||| DROPPING +0 robe.
   731 | D:1      | 731 ||| UPGRADING to +0 helmet.
   736 | D:1      | 736 ||| UPGRADING to amulet of regeneration.
   741 | D:1      | 741 ||| UPGRADING to ring of see invisible.
   742 | D:1      | 742 ||| READING 2 scrolls labelled MIECOTH WYTE.
   743 | D:1      | 743 ||| READING scroll labelled ADYJUI LYEBLEY.
   744 | D:1      | 744 ||| READING scroll labelled POEDGH MUEGH.
   745 | D:1      | 745 ||| DROPPING scroll of poison.
   916 | D:2      | Reached skill level 1 in Armour
   998 | D:2      | Reached XP level 4. HP: 25/26 MP: 5/5
  1091 | D:2      | 1091 ||| READING scroll labelled YBENAH OLOS.
  1387 | D:2      | 1387 ||| READING 2 scrolls labelled BILUDO BOKK.
  1391 | D:2      | 1391 ||| READING 3 scrolls labelled OCOTRO QAORACAI.
  1392 | D:2      | 1392 ||| DRINKING 2 glowing green potions.
  1393 | D:2      | 1393 ||| READING 2 scrolls of identify.
  1393 | D:2      | 1393 ||| IDENTIFYING orange potion
  1394 | D:2      | 1394 ||| DROPPING 2 scrolls of fog.
  1469 | D:3      | 1469 ||| FLEEEEING.
  1470 | D:3      | 1470 ||| FLEEEEING.
  1477 | D:3      | 1477 ||| DRINKING potion of curing.
  1477 | D:3      | 1477 ||| (to cure confusion)
  1485 | D:3      | Reached skill level 4 in Ranged Weapons
  1486 | D:3      | HP: 6/26 [orc/+0 mace (2)]
  1487 | D:3      | 1487 ||| READING scroll of teleportation.
  1545 | D:3      | Found a stormy altar of Qazlal.
  1552 | D:3      | You fall into a shaft and drop 2 floors!
  1552 | D:5      | Entered Level 5 of the Dungeon
  1625 | D:5      | Found a staircase to the Ecumenical Temple.
  1626 | D:5      | 1626 ||| PLANNING TEMPLE
  1626 | D:5      | 1626 ||| UPGRADING to +4 ring of protection.
  1627 | D:5      | 1627 ||| READING 3 scrolls labelled JEKELOTYOSM.
  1628 | D:5      | 1628 ||| DROPPING 2 scrolls of noise.
  1635 | Temple   | Entered the Ecumenical Temple
  1639 | Temple   | 1639 ||| PLANNING D:1-11
  1731 | D:5      | Reached XP level 5. HP: 30/30 MP: 6/6
  1760 | D:5      | Noticed a troll
  1768 | D:5      | Slain by a troll

Levels and vault maps discovered:
D:1:      tarquinn_simple_flora_water_a, layout_loops_ring, serial_shops, shop,
          minmay_small_reverse_x
D:2:      layout_loops_ring, minmay_misc_feat_diagonals,
          small_statue_intersection
D:3:      layout_loops_ring, mainiacjoe_overflow_cross_hatched, okawaru_trees_2,
          chequers_ecumenical_altar_twisty, serial_shops, shop,
          chequers_serial_rivers_micro_c, cheibrodos_gnoll_hut
D:5:      layout_cave_pods, temple_green, hex_medium
Temple:   sentei_temple_godly_chess

Skill      XL: |  1  2  3  4 |
---------------+-------------+-----
Ranged Weapons | 3 4 |  4.5
Fighting       | 2 |  2.0
Armour         | 1 |  1.3
Dodging        | |  1.5
Spellcasting   | |  1.0
Hexes          | |  2.6

Action                     |  1- 3 |  4- 6 || total
---------------------------+-------+-------++-------
   Fire: Sling             |   107 |    94 ||   201
    Use: Scroll            |     3 |     6 ||     9
         Potion            |       |     2 ||     2
 Armour: Robe              |     6 |       ||     6
         Ring mail         |    11 |    34 ||    45
  Dodge: Dodged            |    41 |    38 ||    79

Table legend:
 A = Non-vault XP
 B = Vault XP
 C = Vault XP percentage of total XP
 D = Non-vault monster count
 E = Vault monster count
 F = Vault count percentage of total count
                 A         B        C        D         E       F
            +---------+---------+-------+---------+---------+-------
      Total |     166 |       7 |   4.0 |      48 |       4 |   7.7
            +---------+---------+-------+---------+---------+-------
        D:1 |      40 |       7 |  14.9 |      24 |       4 |  14.3
        D:2 |      61 |       0 |   0.0 |      15 |       0 |   0.0
        D:3 |      47 |       0 |   0.0 |       7 |       0 |   0.0
        D:5 |      18 |       0 |   0.0 |       2 |       0 |   0.0
            +---------+---------+-------+---------+---------+-------
